AoeStats
← Chris77A

Lombardia

507472315Analyzed
2v2 RM · 13d ago on Sep 18, 2026· 27m 37s· 4 players
Game mode
Random Map
Map size
Medium (4 player)
Population
200
Speed
Normal
Resources
Standard
Victory
Conquest
Starting age
Dark Age
Ending age
Imperial Age
RankedLock teamsTeams togetherTeam positionsShared explorationLock speedFull tech treeHidden civsTurbo modeCheats
Victory
Defeat
🇹🇼 Britons · Taiwan
1347
+14
🇹🇼 Saracens · Taiwan
1193
+20
🇬🇧 Berbers · United Kingdom
1324
-18
🇬🇧 Byzantines · United Kingdom
1275
-16
來都來了
6:41 Loom
9:44 Feudal Age
10:19 Double-Bit Axe
12:56 Horse Collar
13:39 Town Watch
20:12 Wheelbarrow
24:08 Castle Age
22:18 Gold Mining
23:57 Bloodlines
24:55 Scale Barding Armor
26:14 Forging
26:42 Bow Saw
27:13 Husbandry
jeff011095
6:41 Loom
9:07 Feudal Age
11:00 Double-Bit Axe
11:50 Fletching
13:08 Padded Archer Armor
23:47 Castle Age
22:19 Gold Mining
24:00 Crossbowman
25:28 Leather Archer Armor
25:08 Bodkin Arrow
26:11 Gold Shaft Mining
25:34 Horse Collar
27:47 Wheelbarrow
Chris77A
5:08 Loom
11:24 Feudal Age
18:38 Castle Age
DrunkMonk
5:21 Loom
11:04 Feudal Age
12:20 Double-Bit Axe
15:37 Forging
21:55 Castle Age
22:53 Bloodlines
23:09 Bow Saw
25:22 Scale Barding Armor
26:40 Wheelbarrow
Connection lost

Rejoining the realm…

Still unreachable

The connection could not be restored.

Session expired

The server has moved on; the page needs a fresh start.